 Dungeon Crawl Stone Soup version 0.31-a0-986-g5e6e4ef867 (webtiles) character file.

Game seed: 727722347149350648

5315 Jeffwins the Grappler (level 10, -5/87 HPs)
             Began as a Troll Shapeshifter on Nov 13, 2023.
             Slain by an entropy weaver (shapeshifter) (10 damage)
             ... on level 3 of the Abyss.
             The game lasted 00:15:39 (6941 turns).

Jeffwins the Grappler (Troll Shapeshifter)          Turns: 6941, Time: 00:15:40

Health: -5/87      AC:  7    Str: 35    XL:     10   Next: 37%
Magic:  11/11      EV: 10    Int: 10    God:
Gold:   283        SH:  0    Dex:  9    Spells: 10/12 levels left

rFire   . .          .
                       - Unarmed
rCold   . . .        (shield currently unavailable)
rNeg    . . .        a - melded +1 animal skin
rPois   .            (helmet currently unavailable)
rElec   .            (cloak currently unavailable)
rCorr   .            (gloves unavailable)
SInv    .            (boots unavailable)
Will    .....        (no amulet)
Stlth   ++           S - +6 ring of strength
HPRegen 1.14/turn    (no ring)
MPRegen 0.12/turn

%: no passive effects
@: snake-form, studying Unarmed Combat
A: constrict, reduced hp, large, unfitting armour, (claws 3), regeneration 1,
(shaggy fur 1), (tough skin 1)
a: Begin Untransformation


You were on level 3 of the Abyss.
You were an enormous anaconda.
You visited 2 branches of the dungeon, and saw 9 of its levels.
You visited the Abyss 1 time.
You also visited: Sewer.

You collected 451 gold pieces.
You spent 168 gold pieces at shops.


Innate Abilities, Weirdness & Mutations

You are an enormous anaconda.
You have a powerful constriction melee attack.
Your maximum health is decreased, since you lack skill for your form.
Your armour is entirely melded.
You are incapable of wielding weapons or throwing items.
You are too large for most types of armour.
((You have claws for hands.))
Your natural rate of healing is unusually fast.
((You are covered in fur. (AC +1)))
((You have tough skin. (AC +1)))


   Skills:
 + Level 4.6 Fighting
 + Level 4.8 Dodging
 - Level 2.0 Stealth
 * Level 10.1 Unarmed Combat
 + Level 1.6 Spellcasting
 + Level 2.0 Transmutations
 + Level 3.6 Evocations
 * Level 7.7 Shapeshifting


You had 10 spell levels left.
You knew the following spells:

 Your Spells              Type           Power      Damage    Failure   Level
X - Wereblood             Tmut           4%         N/A       22%         2

Your spell library contained the following spells:

 Spells                   Type           Power      Damage    Failure   Level
 Slow                     Hex            0%         N/A       32%         1
 Confusing Touch          Hex            0%         N/A       69%         3
 Dazzling Flash           Conj/Hex       0%         N/A       69%         3
 Gell's Gravitas          Tloc           0%         N/A       69%         3
 Hailstorm                Conj/Ice       0%         3d3       69%         3
 Sigil of Binding         Hex            0%         N/A       69%         3
 Teleport Other           Tloc           0%         N/A       69%         3
 Tukima's Dance           Hex            0%         N/A       69%         3
 Vampiric Draining        Necr           0%         2d6       69%         3
 Volatile Blastmotes      Fire/Tloc      0%         2d10      69%         3
 Dimensional Bullseye     Hex/Tloc       0%         N/A       97%         4
 Iskenderun's Mystic Bla  Conj/Tloc      0%         2d3       97%         4
 Summon Ice Beast         Ice/Summ       0%         N/A       97%         4
 Irradiate                Conj/Tmut      1%         3d12      99%         5
 Dispersal                Tloc           0%         N/A       100%        6
 Simulacrum               Ice/Necr       0%         N/A       100%        6
 Starburst                Conj/Fire      0%         6d3       100%        6
 Maxwell's Capacitive Co  Air            0%         ∞         100%        8

Inventory:

Hand Weapons
 r - the +5 quarterstaff "Rezeto" {protect, rN++}
   (You found it on level 3 of the Dungeon)

   rN++:      It greatly protects you from negative energy.
Missiles
 h - 32 poisoned darts
Armour
 a - a +1 animal skin (melded)
 g - a +0 cloak
 G - +0 steam dragon scales
Jewellery
 S - a +6 ring of strength (left hand)
Talismans
 c - a beast talisman
 d - a flux talisman
 E - a serpent talisman (active)
Wands
 v - a wand of flame (24)
 w - a wand of polymorph (19)
Scrolls
 e - a scroll of fear
 f - a scroll of enchant armour
 i - 2 scrolls of torment {!r}
 k - a scroll of fog
 l - a scroll of poison {!r}
 m - a scroll of vulnerability {!r}
 n - 10 scrolls of teleportation {@r4}
 o - a scroll of noise {!r}
 s - a scroll of revelation
 t - a scroll of brand weapon
 y - 3 scrolls of immolation {!r}
 D - a scroll of enchant weapon {unknown}
 F - a scroll of amnesia {unknown}
Potions
 b - a potion of lignification {!q}
 j - 4 potions of cancellation
 p - 5 potions of might {unknown}
 q - 3 potions of berserk rage {unknown}
 u - a potion of attraction {!q}
 x - a potion of mutation {unknown}
 z - a potion of enlightenment {unknown}
 A - 5 potions of haste {unknown}
 B - a potion of magic {unknown}
 C - 2 potions of brilliance {unknown}

Dungeon Overview and Level Annotations

Branches:
Dungeon (8/15)             Temple (1/1) D:5           Sewer (visited)
   Lair: D:8-11

Altars:
Ashenzari
Cheibriados
Dithmenos
Elyvilon
Fedhas
Gozag
Kikubaaqudgha
Nemelex Xobeh
Okawaru
Qazlal
Sif Muna
Trog
Uskayaw
Vehumet
Wu Jian
Xom
Yredelemnul
Zin
The Shining One

Shops:
D:4

* ▒▒...▒ ░░.
▓.▒ .▒
▒▒▒▒▒#.#▒.#
.........#..##.
#.....▒........
#. ▒...... .
... ▒▒▒...▒▒▒ .
#. ▒.▒#..▒ #
#.▒.▒B#..▒ #
▒....S##.#
▒.░.▒..# ..#
#..#. .... ..▒.
...#.#. .#..▒
... #. . # ...
..#. ## . ..
#.#.. .▒... ..
.#


You could see an entropy weaver.


Message History

The starcursed mass shrieks in your mind.
* * * LOW HITPOINT WARNING * * *
Unknown command.
You lash the starcursed mass!
You destroy the starcursed mass!
Unknown command.
An entropy weaver comes into view.
The entropy weaver shouts!
The entropy weaver hits you!
* * * LOW HITPOINT WARNING * * *
The entropy weaver hits you.
* * * LOW HITPOINT WARNING * * *
The entropy weaver misses you. The entropy weaver closely misses you.
You miss the entropy weaver. Your grab misses the entropy weaver.
The entropy weaver barely misses you. x2; The entropy weaver hits you.
* * * LOW HITPOINT WARNING * * *
The entropy weaver barely misses you.
Unknown command.
You closely miss the entropy weaver. Your grab misses the entropy weaver.
The entropy weaver hits you.
* * * LOW HITPOINT WARNING * * *
The entropy weaver hits you but does no damage.
The entropy weaver closely misses you.
The entropy weaver hits you but does no damage.
Unknown command.
You closely miss the entropy weaver. Your grab misses the entropy weaver.
The entropy weaver hits you.
* * * LOW HITPOINT WARNING * * *
The entropy weaver hits you!
You die...

Skill      XL: |  1  2  3  4  5  6  7  8  9 10 |
---------------+-------------------------------+-----
Fighting       | 1 2 3 4 |  4.6
Dodging        | 2 3 4 |  4.8
Unarmed Combat | 4 5 7 9 10 | 10.1
Shapeshifting  | 4 5 6 7 |  7.7
Stealth        | 1 2 |  2.0
Evocations     | 1 2 3 |  3.6
Transmutations | 1 2 |  2.0
Spellcasting   | 1 |  1.6

Action                     |  1- 3 |  4- 6 |  7- 9 | 10-12 || total
---------------------------+-------+-------+-------+-------++-------
  Melee: Unarmed           |    57 |   133 |   265 |    40 ||   495
         Punch             |       |     1 |     7 |       ||     8
         Constrict         |       |       |    16 |     5 ||    21
  Evoke: Wand              |       |       |     8 |     1 ||     9
    Use: Scroll            |       |       |    14 |     2 ||    16
         Potion            |       |       |     5 |       ||     5
   Stab: Sleeping          |     1 |     4 |     5 |     1 ||    11
 Armour: Animal skin       |    40 |    61 |   101 |       ||   202
         Skin              |       |       |    53 |    38 ||    91
  Dodge: Dodged            |    17 |    51 |    72 |    12 ||   152
   Form: Anaconda          |       |       |     1 |       ||     1

Levels and vault maps discovered:
D:1:      wander_arrival_peaceful_grave, layout_basic, minivault_27,
          dreamdust_princess_bridge, minmay_misc_feat_tiny,
          minmay_small_reverse_x
D:2:      kennysheep_six_static_rooms, layout_loops_cross, minmay_pentomino_w2,
          uniq_terence
D:3:      layout_rooms, lemuel_coloured_pillars_altar,
          mainiacjoe_overflow_tiny_flanked, shapermc_ecumenical_altar_pompeii,
          dreamdust_wishing_well, minmay_vboxes
D:4:      layout_cave_pools, nicolae_uskayaw_en_pointe, okawaru_trees_1,
          nicolae_overflow_hidden_temple, serial_shops, shop, uniq_natasha,
          uniq_ijyb, uniq_sigmund
D:5:      layout_basic, minmay_temple_entry_glass, uniq_edmund
D:6:      layout_loops_ring, kennysheep_slug_shrine, gup_sewer_entry_pipe,
          kennysheep_big_empty_room, uniq_menkaure, uniq_pikel
D:7:      layout_loops_cross, mainiacjoe_overflow_paths, uniq_joseph
D:8:      layout_loops_ring, grunt_nemelex_the_gamble, serial_co_window_serial,
          co_window_paths_a, co_window_corner_a, co_window_corner_a,
          co_window_paths_a, co_window_paths_a, co_window_corner_ca,
          co_window_cross_2, co_window_2corner, co_window_4corner_b,
          glass_columns_a, glass_columns_b, glass_columns_a, glass_columns_a,
          nrook_uturn, grunt_ministairs_2, chequers_garden,
          minmay_misc_feat_rugged, kennysheep_generic_room_10
Temple:   hellmonk_temple_beads
Abyss:3:  base: D:4, minivault_20, guppyfry_abyss_exit_imp_island

Notes
Turn   | Place    | Note
-------+----------+-------------------------------------------
     0 | D:1      | Jeffwins the Troll Shapeshifter began the quest for the
                  | Orb.
     0 | D:1      | Reached XP level 1. HP: 18/18 MP: 0/0
   161 | D:1      | Reached XP level 2. HP: 24/26 MP: 1/1
   162 | D:1      | Reached skill level 1 in Fighting
   575 | D:1      | Reached XP level 3. HP: 33/33 MP: 2/2
   705 | D:2      | Noticed Terence
   710 | D:2      | Killed Terence
   711 | D:2      | Reached skill level 2 in Dodging
   862 | D:2      | Reached XP level 4. HP: 40/41 MP: 3/3
  1419 | D:3      | Found a faded altar of an unknown god.
  1436 | D:3      | Found a bloodstained altar of Trog.
  1524 | D:3      | Identified the +5 quarterstaff "Rezeto" {protect, rN++}
  1545 | D:3      | Found a shadowy altar of Dithmenos.
  1599 | D:3      | Reached skill level 4 in Unarmed Combat
  1641 | D:3      | Reached XP level 5. HP: 48/48 MP: 4/4
  2089 | D:4      | Noticed Ijyb
  2102 | D:4      | Killed Ijyb
  2103 | D:4      | Reached skill level 4 in Shapeshifting
  2125 | D:4      | Noticed a phantom
  2129 | D:4      | Noticed a +0 spear
  2134 | D:4      | Killed a phantom
  2135 | D:4      | Reached skill level 1 in Stealth
  2135 | D:4      | Reached XP level 6. HP: 57/57 MP: 5/5
  2138 | D:4      | Noticed a +0 spear
  2138 | D:4      | Noticed a +0 falchion
  2138 | D:4      | Noticed a +0 short sword
  2139 | D:4      | Noticed a +0 dagger
  2139 | D:4      | Noticed a +0 falchion
  2139 | D:4      | Noticed a +0 short sword
  2142 | D:4      | Noticed a +0 dagger
  2145 | D:4      | Found a hide-covered altar of Uskayaw.
  2197 | D:4      | Found an opulent altar of Gozag.
  2216 | D:4      | Found an ancient bone altar of Kikubaaqudgha.
  2218 | D:4      | Found a glowing silver altar of Zin.
  2304 | D:4      | Noticed Sigmund
  2312 | D:4      | Killed Sigmund
  2313 | D:4      | Reached skill level 2 in Fighting
  2346 | D:4      | Reached skill level 1 in Evocations
  2351 | D:4      | Reached XP level 7. HP: 56/65 MP: 6/6
  2395 | D:4      | Found Okez's Assorted Antiques.
  2404 | D:4      | Reached skill level 5 in Unarmed Combat
  2417 | D:4      | Bought a scroll labelled GUTHRO LEDEI for 29 gold pieces
  2417 | D:4      | Bought a viscous brown potion for 26 gold pieces
  2417 | D:4      | Bought a scroll labelled GUTHRO LEDEI for 29 gold pieces
  2417 | D:4      | Bought a scroll labelled AMYCAT DIOMA for 29 gold pieces
  2417 | D:4      | Bought a viscous brown potion for 26 gold pieces
  2417 | D:4      | Bought a scroll labelled GUTHRO LEDEI for 29 gold pieces
  2456 | D:4      | Found an iron altar of Okawaru.
  2497 | D:4      | Noticed Natasha
  2501 | D:4      | Killed Natasha
  2536 | D:4      | Noticed Natasha
  2544 | D:4      | Killed Natasha
  2580 | D:4      | Noticed Natasha
  2586 | D:4      | Killed Natasha
  2609 | D:5      | Entered Level 5 of the Dungeon
  2618 | D:5      | Found a staircase to the Ecumenical Temple.
  2641 | Temple   | Entered the Ecumenical Temple
  2699 | D:5      | Reached skill level 3 in Dodging
  2699 | D:5      | Reached skill level 5 in Shapeshifting
  3042 | D:5      | Reached XP level 8. HP: 60/74 MP: 7/7
  3117 | D:5      | Reached skill level 3 in Fighting
  3117 | D:5      | Reached skill level 6 in Unarmed Combat
  3222 | D:5      | Noticed Edmund
  3233 | D:5      | Edmund changed into Edmund the worm
  3233 | D:5      | Noticed Edmund
  3234 | D:5      | Killed Edmund the worm
  3276 | D:4      | Found an ornate altar of the Wu Jian Council.
  3276 | D:4      | Found a stormy altar of Qazlal.
  3406 | D:5      | Reached skill level 2 in Evocations
  3433 | D:5      | Reached skill level 2 in Stealth
  3434 | D:5      | HP: 7/75 [poisoned by a scorpion]
  3439 | D:5      | HP: 7/75 [poisoned by a scorpion]
  3693 | D:6      | Identified a scroll of acquirement
  3697 | D:6      | Acquired a manual of Unarmed Combat
  3778 | D:6      | Noticed Menkaure
  3786 | D:6      | Killed Menkaure
  3794 | D:6      | Reached skill level 6 in Shapeshifting
  3820 | D:6      | Reached skill level 7 in Unarmed Combat
  3843 | D:6      | Found a glowing drain.
  3859 | Sewer    | Entered a sewer
  4197 | D:6      | Noticed Pikel
  4213 | D:6      | Killed Pikel
  4214 | D:6      | Reached skill level 4 in Dodging
  4214 | D:6      | Reached XP level 9. HP: 75/84 MP: 8/8
  4289 | D:6      | Learned a level 2 spell: Wereblood
  4447 | D:6      | Reached skill level 8 in Unarmed Combat
  4529 | D:6      | Found a snail-covered altar of Cheibriados.
  4977 | D:7      | Noticed Joseph
  4986 | D:7      | Killed Joseph
  4987 | D:7      | Reached skill level 4 in Fighting
  4987 | D:7      | Reached skill level 3 in Evocations
  5206 | D:7      | Found a white marble altar of Elyvilon.
  5244 | D:7      | Reached skill level 1 in Transmutations
  5244 | D:7      | Reached skill level 7 in Shapeshifting
  5254 | D:7      | Reached skill level 1 in Spellcasting
  5575 | D:8      | Reached skill level 9 in Unarmed Combat
  5964 | D:8      | Reached XP level 10. HP: 78/91 MP: 10/10
  6217 | D:8      | Noticed a two-headed ogre
  6221 | D:8      | Killed a two-headed ogre
  6740 | D:8      | Found a sparkling altar of Nemelex Xobeh.
  6740 | D:8      | Found a transporter.
  6740 | D:8      | Noticed a tengu warrior
  6740 | D:8      | Noticed a boulder beetle
  6784 | D:8      | You are cast into the Abyss!
  6784 | Abyss:2  | Cast into level 2 of the Abyss (tengu warrior)
  6816 | Abyss:2  | Noticed a hell hog
  6817 | Abyss:2  | Noticed a hell hog
  6820 | Abyss:2  | Noticed a hell hog
  6821 | Abyss:2  | Noticed a hell hog
  6846 | Abyss:2  | Noticed a profane servitor
  6915 | Abyss:3  | Noticed a starcursed mass
  6923 | Abyss:3  | Killed a starcursed mass
  6924 | Abyss:3  | Killed a starcursed mass
  6925 | Abyss:3  | Reached skill level 10 in Unarmed Combat
  6926 | Abyss:3  | Killed a starcursed mass
  6927 | Abyss:3  | Reached skill level 2 in Transmutations
  6933 | Abyss:3  | Killed a starcursed mass
  6938 | Abyss:3  | Noticed an entropy weaver
  6940 | Abyss:3  | HP: 7/87 [entropy weaver (shapeshifter) (3)]
  6941 | Abyss:3  | Slain by an entropy weaver (shapeshifter)

Vanquished Creatures
  A two-headed ogre (D:8)
  Pikel (D:6)
  Joseph (D:7)
  Sigmund (D:4)
  2 wyverns (D:8)
  A steam dragon (D:8)
  Menkaure (D:6)
  A water moccasin (D:5)
  A sky beast (D:8)
  An orc warrior (D:7)
  2 black bears (D:5)
  4 ogres
  A lemure (D:6)
  7 starcursed masses (Abyss:3)
  A phantom (D:4)
  A kobold brigand (D:8)
  A bullfrog (D:7)
  A scorpion (D:5)
  11 wights
  A killer bee (D:8)
  An electric eel (D:6)
  6 orc priests
  2 hounds
  3 jellies
  5 iguanas
  Terence (D:2)
  7 orc wizards
  Ijyb (D:4)
  Natasha (thrice) (D:4)
  12 adders
  A river rat (Sewer)
  A shadow imp (D:8)
  3 worms
  4 dart slugs
  30 orcs
  4 bats
  12 endoplasms
  8 giant cockroaches
  12 goblins
  5 hobgoblins
  13 kobolds
  6 quokkas
  8 ball pythons
  11 frilled lizards
  13 rats
213 creatures vanquished.

Table legend: (Time is in decaauts)
 A = Elapsed time spent in this place.
 B = Non-inter-level travel time spent in this place.
 C = Inter-level travel time spent in this place.
 D = Time resting spent in this place.
 E = Time spent auto-exploring this place.
 F = Levels seen in this place.
 G = Mean time per level.
                   A        B        C        D        E       F      G
               +--------+--------+--------+--------+--------+-----+--------+
         Total |   6882 |   6629 |    253 |     66 |   5258 |  12 |  573.5 |
       Dungeon |   6399 |   6146 |    253 |     66 |   4929 |   8 |  799.9 |
        Temple |     29 |     29 |      0 |      0 |     28 |   1 |   29.0 |
         Abyss |    153 |    153 |      0 |      0 |     96 |   2 |   76.5 |
         Sewer |    300 |    300 |      0 |      0 |    205 |   1 |  300.0 |
               +--------+--------+--------+--------+--------+-----+--------+

Top non-repeatable levels by time:
     D:8: 1208 daAuts
     D:5: 1037 daAuts
     D:6: 875 daAuts
     D:1: 694 daAuts
     D:2: 693 daAuts
     D:7: 679 daAuts
     D:4: 608 daAuts
     D:3: 603 daAuts
   Sewer: 300 daAuts
 Abyss:3: 89 daAuts
 Abyss:2: 63 daAuts
  Temple: 29 daAuts

Table legend:
 A = Non-vault XP
 B = Vault XP
 C = Vault XP percentage of total XP
 D = Non-vault monster count
 E = Vault monster count
 F = Vault count percentage of total count
                 A         B        C        D         E       F
            +---------+---------+-------+---------+---------+-------
      Total |    5428 |    2165 |  28.5 |     150 |      62 |  29.2
            +---------+---------+-------+---------+---------+-------
        D:1 |      36 |       6 |  14.3 |      19 |       4 |  17.4
        D:2 |      67 |      58 |  46.4 |      17 |       8 |  32.0
        D:3 |      53 |      12 |  18.5 |      15 |       7 |  31.8
        D:4 |     369 |     313 |  45.9 |      19 |       3 |  13.6
        D:5 |    1086 |       5 |   0.5 |      25 |       1 |   3.8
        D:6 |     682 |     892 |  56.7 |      18 |       8 |  30.8
        D:7 |     559 |     434 |  43.7 |      17 |       1 |   5.6
        D:8 |    1958 |     376 |  16.1 |      13 |      10 |  43.5
    Abyss:3 |     618 |       0 |   0.0 |       7 |       0 |   0.0
      Sewer |       0 |      69 | 100.0 |       0 |      20 | 100.0
            +---------+---------+-------+---------+---------+-------
